 Dungeon Crawl Stone Soup version 0.30-a0-159-g068b764562 (webtiles) character file.

Game seed: 15512773235663470389

7 Iusername the Trooper (level 1, 20/20 HPs)
             Began as a Minotaur Fighter on Sept 27, 2022.
             Was a Follower of the Shining One.
             Quit the game on level 1 of the Dungeon.
             The game lasted 00:00:33 (325 turns).

Iusername the Trooper (Minotaur Fighter)             Turns: 325, Time: 00:00:33

Health: 20/20      AC:  7    Str: 20    XL:     1   Next: 91%
Magic:  0/0        EV:  9    Int:  5    God:    the Shining One [*.....]
Gold:   0          SH:  4    Dex:  9    Spells: 0/0 levels left

rFire   . . .      SeeInvis .    a - +0 long sword
rCold   . . .      Faith    .    c - +0 buckler
rNeg    . . .      Spirit   .    b - +0 scale mail
rPois   .          Reflect  .    (helmet restricted)
rElec   .          Harm     .    (no cloak)
rCorr   .          Rampage  .    (no gloves)
Will    .....                    (no boots)
Stlth   ..........               (no amulet)
HPRegen 0.06/turn                (no ring)
MPRegen 0.07/turn                (no ring)

@: glowing
A: horns 2, retaliatory headbutt
a: Renounce Religion, Divine Shield


You were on level 1 of the Dungeon.
You worshipped the Shining One.
The Shining One was aware of your devotion.
You visited 1 branch of the dungeon, and saw 1 of its levels.

Inventory:

Hand Weapons
 a - a +0 long sword (weapon)
Missiles
 f - 5 javelins (quivered)
Armour
 b - a +0 scale mail (worn)
 c - a +0 buckler (worn)
Scrolls
 e - a scroll of teleportation {unknown}
Potions
 d - a potion of might


   Skills:
 + Level 3.8 Fighting
 + Level 2.5 Long Blades
 + Level 3.8 Armour
 + Level 3.8 Shields


You couldn't memorise any spells.
You didn't know any spells.
Your spell library was empty.

Dungeon Overview and Level Annotations

Branches:
Dungeon (1/15)

Altars:
The Shining One


Innate Abilities, Weirdness & Mutations

You have a pair of horns on your head.
You reflexively headbutt those who attack you in melee.


Message History

You kill the endoplasm!
The endoplasm hits you but does no damage.
The endoplasm closely misses you.
The endoplasm hits you but does no damage.
You slash the endoplasm!
You kill the endoplasm!
You see here 5 javelins.
f - 5 javelins
Found a faded altar of an unknown god.
Found a dagger.
A ball python comes into view.
Found 16 gold pieces.
Found a stone staircase leading down.
The ball python hisses angrily.
A hobgoblin comes into view.
Found 6 atropa-tipped darts.
The ball python closely misses you. You block the ball python's attack.
You closely miss the ball python.
The ball python bites you but does no damage.
You block the ball python's attack. The ball python barely misses you.
You furiously retaliate!
You headbutt the ball python. You block the ball python's attack.
You hit the ball python.
You kill the ball python!
The hobgoblin completely misses you.
You hit the hobgoblin.
You kill the hobgoblin!
No target in view!
A kobold comes into view. It is wielding a +0 whip.
The kobold moves out of view.
You miss the kobold. The kobold hits you but does no damage.
You slash the kobold!
You kill the kobold!
You see here a +0 whip.
There is a faded altar of an unknown god here.
This altar belongs to (a) the Shining One, (b) Jiyva or (c) Ru, but you can't tell which.
Press the corresponding letter to learn more about a god, or press enter to convert or escape to cancel.
The Shining One accepts your prayer! The Shining One welcomes you!
You and your allies can now gain power from killing the unholy and evil.
You can now call upon the Shining One for a divine shield.
Are you sure you want to abandon this character and quit the game? (Confirm with "yes".)

#.....# #.....+
#.....##
#######....(.
............###
...........)..#.. .
..........#.#.#....
....... #).@.......
.....>†##.#.#..$...
...................
#####+##.#..#.#####
#......##.#
#.###...# # #
#.#......
####+###.###+###
#........#


There were no monsters in sight!

Vanquished Creatures
  2 endoplasms (D:1)
  A hobgoblin (D:1)
  A kobold (D:1)
  A quokka (D:1)
  A ball python (D:1)
6 creatures vanquished.

Notes
Turn   | Place    | Note
-------+----------+-------------------------------------------
     0 | D:1      | Iusername the Minotaur Fighter began the quest for the Orb.
     0 | D:1      | Reached XP level 1. HP: 19/19 MP: 0/0
   305 | D:1      | Found a faded altar of an unknown god.
   324 | D:1      | Prayed at the altar of an unknown god.
   324 | D:1      | Became a worshipper of the Shining One
   324 | D:1      | Reached * piety under the Shining One
   325 | D:1      | Quit the game

Illustrated notes

Levels and vault maps discovered:
D:1:      matt_arrival_spirals, layout_basic, chequers_ecumenical_altar_simple

Action                   || total
-------------------------++-------
Melee: Long sword        ||    15
       Headbutt          ||     1
Armor: Scale mail        ||     6
Dodge: Dodged            ||    10
Block: Buckler           ||     6

Table legend: (Time is in decaauts)
 A = Elapsed time spent in this place.
 B = Non-inter-level travel time spent in this place.
 C = Inter-level travel time spent in this place.
 D = Time resting spent in this place.
 E = Time spent auto-exploring this place.
 F = Levels seen in this place.
 G = Mean time per level.
                   A        B        C        D        E       F      G
               +--------+--------+--------+--------+--------+-----+--------+
         Total |    330 |    330 |      0 |      0 |    277 |   1 |  330.0 |
       Dungeon |    330 |    330 |      0 |      0 |    277 |   1 |  330.0 |
               +--------+--------+--------+--------+--------+-----+--------+

Top non-repeatable levels by time:
     D:1: 330 daAuts
